 Dungeon Crawl Stone Soup version 0.29.1-15-g9cfb28693d (console) character file.

Game seed: 1431098784947961219

28 om the Trooper (level 3, -2/31 HPs)
             Began as a Palentonga Fighter on Apr 14, 2023.
             Succumbed to a kobold's poison
             ... on level 2 of the Dungeon.
             The game lasted 00:02:06 (1129 turns).

om the Trooper (Palentonga Fighter)                 Turns: 1129, Time: 00:02:07

Health: -2/31      AC:  6    Str: 21    XL:     3   Next: 0%
Magic:  3/3        EV:  7    Int:  8    God:
Gold:   69         SH:  4    Dex: 11    Spells: 2/2 levels left

rFire   . . .      SeeInvis +   a - +0 long sword
rCold   . . .      Faith    .   c - +0 buckler
rNeg    . . .      Spirit   .   b - +0 scale mail
rPois   .          Reflect  .   (no helmet)
rElec   .          Harm     .   (no cloak)
rCorr   .          Rampage  .   (no gloves)
Will    .....                   (no barding)
Stlth   ..........              (no amulet)
HPRegen 0.10/turn               (no ring)
MPRegen 0.08/turn               (no ring)

@: lethally poisoned (-2 -> -27), invisible
A: large, rugged brown scales 3, see invisible, deformed body, roll 1, armoured
tail
a: Rolling Charge


You were on level 2 of the Dungeon.
You visited 1 branch of the dungeon, and saw 2 of its levels.

You collected 69 gold pieces.

Inventory:

Hand Weapons
 a - a +0 long sword (weapon)
Armour
 b - a +0 scale mail (worn)
 c - a +0 buckler (worn)
Scrolls
 e - 3 scrolls of identify {unknown}
 f - 3 scrolls of teleportation {unknown}
 h - 2 scrolls of blinking {unknown}
 m - a scroll of poison {unknown}
 n - a scroll of fear {unknown}
Potions
 d - a potion of might
 g - a potion of invisibility
 i - a potion of magic {unknown}
 j - a potion of haste {unknown}
 k - a potion of curing {unknown}
 l - 2 potions of degeneration {unknown}


   Skills:
 + Level 3.2 Fighting
 * Level 2.7 Long Blades
 + Level 2.6 Armour
 + Level 2.9 Shields


You had 2 spell levels left.
You didn't know any spells.
Your spell library was empty.

Dungeon Overview and Level Annotations

Branches:
Dungeon (2/15)

Altars:


Innate Abilities, Weirdness & Mutations

You are completely covered in rugged brown scales. (AC +3, +7% HP)
You have supernaturally acute eyesight. (SInv)
Armour fits poorly on your strangely shaped body.
You can roll at nearby foes to attack.
You have a long armoured tail.


Message History

You have reached level 3!
Your experience leads to an increase in your attributes!
Increase (S)trength, (I)ntelligence, or (D)exterity?
You feel agile. x2
n - a scroll labelled WUOVOK ZEMOS You see here a +0 club.
You now have 69 gold pieces (gained 7).
l - 2 blue potions (gained 1)
You see here a hobgoblin corpse.
A kobold comes into view. It is wielding a +0 dagger of venom.
The kobold shouts!
A kobold is nearby!
You see here a +2 falchion of freezing.
The kobold hits you with a +0 dagger of venom.
You are poisoned.
You hit the kobold.
The kobold is moderately wounded.
You feel very sick. The kobold hits you but does no damage.
You are more poisoned.
You closely miss the kobold.
Your tail-slap misses the kobold.
The kobold is moderately wounded.
You feel very sick.
The kobold hits you with a +0 dagger of venom.
You are lethally poisoned!
The kobold hits you with a +0 dagger of venom.
You are more poisoned.
You barely miss the kobold.
The kobold is moderately wounded.
You feel extremely sick. The kobold hits you but does no damage.
You are more poisoned.
You barely miss the kobold. You tail-slap the kobold.
The kobold is severely wounded.
* * * LOW HITPOINT WARNING * * *
You feel extremely sick. You block the kobold's attack.
It was a potion of invisibility.
You fade into invisibility!
You die...

...#.#)....##.#
#..####.
#.........##.#
#.. ##
#...#........#
#. .
.#.#.#.........
#
...............
#.#.##......##.#
# #. #..)#..# .#
# ##...#..#
#...@...#
........K..#
...#...........
........#..#..#
.#.#.#.........
#.#.####..#... #
#. ..#.## .# #


You could see a kobold (unable to see you).

Vanquished Creatures
  3 endoplasms (D:1)
  2 giant cockroaches
  A goblin (D:2)
  A hobgoblin (D:2)
  3 jackals (D:1)
  4 kobolds (D:1)
  A quokka (D:1)
  2 ball pythons (D:1)
  4 bats
  A frilled lizard (D:1)
  2 rats (D:1)
24 creatures vanquished.

Notes
Turn   | Place    | Note
-------+----------+-------------------------------------------
     0 | D:1      | om the Palentonga Fighter began the quest for the Orb.
     0 | D:1      | Reached XP level 1. HP: 19/19 MP: 1/1
   301 | D:1      | Found a faded altar of an unknown god.
   363 | D:1      | Reached XP level 2. HP: 25/25 MP: 2/2
  1078 | D:2      | Reached XP level 3. HP: 29/31 MP: 3/3
  1129 | D:2      | Succumbed to a kobold's poison

Illustrated notes

Levels and vault maps discovered:
D:1:      matt_arrival_diagonals, layout_basic, ebering_ecumenical_altar_rust,
          hangedman_decor_slide_cut, minivault_23, hex_intersection,
          nicolae_concentric_dashed_squares_wild
D:2:      layout_basic, skrybe_limestone_x

Action                   || total
-------------------------++-------
Melee: Long sword        ||    73
       Tailslap          ||     7
  Use: Potion            ||     1
Armor: Scale mail        ||    55
Dodge: Dodged            ||    40
Block: Buckler           ||    14
